 Dungeon Crawl Stone Soup version 0.23.2-40-g277498a (webtiles) character file.

Game seed: 1143243647254985424

2233 CrazyJ the Spear-Bearer (level 9, -1/72 HPs)
             Began as a Merfolk Abyssal Knight on Sept 9, 2019.
             Was a Priest of Lugonu.
             Slain by a killer bee (4 damage)
             ... on level 9 of the Dungeon.
             The game lasted 00:47:20 (8637 turns).

CrazyJ the Spear-Bearer (Merfolk Abyssal Knight)    Turns: 8637, Time: 00:47:26

Health: -1/72      AC:  9    Str: 15    XL:     9   Next: 36%
Magic:  13/13      EV: 14    Int: 12    God:    Lugonu [***...]
Gold:   328        SH:  0    Dex: 13    Spells: 8/8 levels left

rFire    . . .     SeeInvis +   a - +2 spear
rCold    . . .     Gourm    +   (no shield)
rNeg     . . .     Faith    .   i - +3 ring mail {MR+}
rPois    +         Spirit   .   (no helmet)
rElec    .         Reflect  .   k - scarf {repulsion}
rCorr    .         Harm     .   J - +0 pair of gloves
MR       +....                  (no boots)
Stlth    +.........             r - amulet of the gourmand
HPRegen  0.22/turn              B - ring of poison resistance
MPRegen  0.13/turn              h - ring of see invisible

@: lethally poisoned (-1 -> -20), repel missiles
A: change form in water, swift swim, stealthy swim
a: Depart the Abyss, Bend Space, Banish, Renounce Religion


You were on level 9 of the Dungeon.
You worshipped Lugonu.
Lugonu was most pleased with you.
You were very full.

You visited 2 branches of the dungeon, and saw 10 of its levels.
You visited the Abyss 1 time.

You collected 328 gold pieces.

Inventory:

Hand Weapons
 a - a +2 spear (weapon)
 b - a +0 halberd
 d - a +2 vampiric war axe
 f - a +1 whip of freezing
 j - a +0 halberd
 y - a +4 quarterstaff of chaos
 I - a +0 shortbow
Missiles
 g - 23 bolts
 m - 180 stones (quivered)
 p - 43 poisoned needles
 v - 148 arrows
 L - 16 sling bullets
Armour
 i - a +3 ring mail of magic resistance (worn)
 k - a scarf of repulsion (worn)
 u - a +2 scale mail of cold resistance
 z - a +0 cloak
 A - the +0 Maxwell's etheric cage {RegenMP+ *Contam rElec MP+4}
   (You found it on level 6 of the Dungeon)

   It insulates you from electricity.
   It affects your magic capacity (+4).
   It causes magical contamination when unequipped.
 J - a +0 pair of gloves (worn)
Jewellery
 h - a ring of see invisible (right hand)
 r - an amulet of the gourmand (around neck)
 w - an uncursed amulet of guardian spirit
 B - a ring of poison resistance (left hand)
 F - an uncursed amulet of rage
 H - an uncursed ring of ice {unknown}
 K - an uncursed ring of wizardry
Wands
 x - a wand of iceblast (7)
 Q - a wand of flame (10)
Scrolls
 n - 14 scrolls of remove curse
 o - a scroll of enchant weapon
 q - 3 scrolls of noise
 t - 8 scrolls of fog
 D - 4 scrolls of identify
 E - 2 scrolls of enchant armour
 N - a scroll of amnesia
Potions
 e - a potion of agility {unknown}
 l - 3 potions of ambrosia
 s - 2 potions of magic
 C - a potion of cancellation {unknown}
 G - a potion of resistance
 O - 2 potions of mutation {unknown}
Comestibles
 c - 8 rations


   Skills:
 * Level 7.6 Fighting
 * Level 9.2 Polearms
 + Level 3.2 Armour
 + Level 6.3 Dodging
 - Level 0.4 Stealth
 * Level 6.1 Invocations
 + Level 1.5 Evocations


You had 8 spell levels left.
You didn't know any spells.
Your spell library was empty.

Dungeon Overview and Level Annotations

Branches:
Dungeon (9/15)             Temple (1/1) D:5
   Lair: D:8-11         Orc: D:9-12

Altars:
Ashenzari
Cheibriados
Dithmenos
Elyvilon
Fedhas
Gozag
Hepliaklqana
Kikubaaqudgha
Makhleb
Nemelex Xobeh
Okawaru
Qazlal
Ru
Sif Muna
Trog
Uskayaw
Vehumet
Wu Jian
Xom
Yredelemnul
Zin
The Shining One


Message History

The killer bee stings you but does no damage. x4
Your ring mail prevents you from hitting the killer bee.
The killer bee is severely wounded.
You feel sick.
The killer bee stings you but does no damage.
The killer bee barely misses you.
You closely miss the killer bee.
The killer bee is severely wounded.
You feel sick. The killer bee barely misses you.
The killer bee closely misses you. The killer bee stings you!
* * * LOW HITPOINT WARNING * * *
You are more poisoned.
The killer bee poisons you!
As you read the scroll labeled QUSTOZEBAHE, it crumbles to dust.
Your body is wracked with pain!
* * * LOW HITPOINT WARNING * * *
The killer bee convulses! x2; It was a scroll of torment.
* * * LOW HITPOINT WARNING * * *
You feel sick. The killer bee stings you.
You die...

#.....#
#.....#
#.....#
#.....+
#.....####
#.........
#y........
#y@.......
#..$......
#.........
#.........
#.....^...
#.........
#.........
#...######


You could see 2 killer bees.

Vanquished Creatures
  Pikel (D:6)
  Menkaure (D:5)
  A water moccasin (D:7)
  An orc warrior (D:6)
  3 slaves
  A phantom (D:7)
  A black bear (D:7)
  An ogre (D:7)
  3 centaurs
  A crocodile (D:7)
  Blork the orc (D:5)
  A killer bee (D:8)
  A howler monkey (D:6)
  A bullfrog zombie (D:6)
  3 hounds
  Crazy Yiuf (D:2)
  2 orc wizards (D:6)
  A bullfrog skeleton (D:2)
  A centaur skeleton (D:6)
  Terence (D:2)
  Jessica (D:2)
  6 worker ants
  A hound skeleton (D:4)
  A hound zombie (D:7)
  7 adders
  4 gnolls (D:4)
  A shadow imp (D:5)
  An adder skeleton (D:5)
  2 dart slugs
  A worm (D:2)
  8 leopard geckos
  9 orcs
  2 giant cockroaches
  7 goblins
  10 hobgoblins
  13 jackals
  2 quokkas
  2 ball pythons (D:1)
  11 bats
  5 frilled lizards
  11 kobolds
  A leopard gecko skeleton (D:6)
  5 rats
138 creatures vanquished.

Notes
Turn   | Place    | Note
-------+----------+-------------------------------------------
     0 | Abyss:1  | CrazyJ the Merfolk Abyssal Knight began the quest for the
                  | Orb.
     0 | Abyss:1  | Reached XP level 1. HP: 18/18 MP: 2/2
    98 | D:1      | Escaped the Abyss
   243 | D:1      | Reached XP level 2. HP: 17/24 MP: 3/3
   465 | D:1      | Reached XP level 3. HP: 20/29 MP: 4/4
   471 | D:1      | Reached ** piety under Lugonu
   471 | D:1      | Reached skill level 1 in Armour
  1066 | D:2      | Reached skill level 4 in Polearms
  1099 | D:2      | Reached XP level 4. HP: 22/37 MP: 5/5
  1151 | D:2      | Noticed Terence
  1180 | D:2      | Killed Terence
  1416 | D:2      | Noticed Jessica
  1422 | D:2      | Killed Jessica
  1422 | D:2      | Reached XP level 5. HP: 42/42 MP: 5/7
  1466 | D:2      | Found a runed translucent door.
  1473 | D:2      | Noticed Crazy Yiuf
  1488 | D:2      | Killed Crazy Yiuf
  1736 | D:2      | Reached skill level 5 in Polearms
  2371 | D:3      | Reached XP level 6. HP: 35/49 MP: 8/8
  2383 | D:3      | Reached *** piety under Lugonu
  2756 | D:3      | Reached skill level 5 in Fighting
  3905 | D:4      | Reached skill level 6 in Polearms
  3905 | D:4      | Reached XP level 7. HP: 55/56 MP: 9/9
  4003 | D:5      | Entered Level 5 of the Dungeon
  4132 | D:5      | Found a staircase to the Ecumenical Temple.
  4179 | Temple   | Entered the Ecumenical Temple
  4357 | D:5      | Noticed Menkaure
  4371 | D:5      | Killed Menkaure
  4599 | D:5      | Noticed Blork the orc
  4612 | D:5      | Killed Blork the orc
  4810 | D:5      | Noticed Pikel
  5631 | D:6      | Reached skill level 7 in Polearms
  5646 | D:6      | Reached skill level 5 in Dodging
  5654 | D:6      | Reached XP level 8. HP: 24/64 MP: 11/11
  6238 | D:6      | Killed Pikel
  6238 | D:6      | Reached skill level 8 in Polearms
  6238 | D:6      | Reached skill level 5 in Invocations
  6463 | D:6      | Found the +0 Maxwell's etheric cage {RegenMP+ *Contam rElec
                  | MP+4}
  6997 | D:6      | Found a sacrificial altar of Ru.
  7128 | D:6      | You fall through a shaft!
  7375 | D:7      | Found an ornate altar of the Wu Jian Council.
  7456 | D:7      | Reached XP level 9. HP: 57/72 MP: 13/13
  7715 | D:7      | Reached skill level 9 in Polearms
  7715 | D:7      | Reached skill level 1 in Evocations
  8637 | D:9      | HP: 3/72 [poisoned by a killer bee]
  8637 | D:9      | Slain by a killer bee

Skill      XL: |  1  2  3  4  5  6  7  8  9 |
---------------+----------------------------+-----
Dodging        | 3 4 5 6 |  6.3
Armour         | 1 2 3 |  3.2
Polearms       | 4 5 6 7 8 9 |  9.2
Fighting       | 4 5 6 7 |  7.6
Invocations    | 3 4 5 6 |  6.1
Evocations     | 1 |  1.5
Stealth        | |  0.4

Action                   |  1- 3 |  4- 6 |  7- 9 || total
-------------------------+-------+-------+-------++-------
Melee: Spear             |   136 |   314 |   486 ||   936
       Halberd           |       |       |     9 ||     9
Throw: Stone             |       |       |     1 ||     1
Invok: Bend Space        |       |       |     3 ||     3
  Use: Potion            |       |     9 |     4 ||    13
       Scroll            |       |     1 |    14 ||    15
 Stab: Distracted        |       |       |     1 ||     1
  Eat: Chunk             |     1 |     8 |    14 ||    23
       Ration            |       |       |     3 ||     3
Armor: Leather armour    |     3 |       |       ||     3
       Ring mail         |    53 |   109 |   121 ||   283
       Scale mail        |       |    11 |    19 ||    30
Dodge: Dodged            |    88 |   189 |   294 ||   571
       Deflected         |       |       |     6 ||     6
